 Dungeon Crawl Stone Soup version 0.31-a0-801-gc67433417a (webtiles) character file.

Game seed: 115804733694008253

189 Essalna the Conjurer (level 5, -3/35 HPs)
             Began as a Demonspawn Conjurer on Sept 20, 2023.
             Slain by Ijyb
             ... wielding a +2 dagger of speed
              (5 damage)
             ... while paralysed by Grinder
             ... on level 3 of the Dungeon.
             The game lasted 00:03:49 (2642 turns).

Essalna the Conjurer (Demonspawn Conjurer)          Turns: 2642, Time: 00:03:49

Health: -3/35      AC: 12    Str:  7    XL:     5   Next: 40%
Magic:  8/11       EV:  2    Int: 21    God:
Gold:   128        SH:  0    Dex: 12    Spells: 9/12 levels left

rFire   . . .        l - +2 dagger (speed)
rCold   . . .        (no shield)
rNeg    . . .        a - +0 robe
rPois   .            (no helmet)
rElec   .            h - +0 cloak
rCorr   .            (no gloves)
SInv    .            (no boots)
Will    .....        (no amulet)
Stlth   ++           (no ring)
HPRegen 0.25/turn    (no ring)
MPRegen 0.12/turn

%: no passive effects
@: paralysed, sanguine armoured
A: sanguine armour 2, demonic magic 1
a: no special abilities


You were on level 3 of the Dungeon.
You visited 1 branch of the dungeon, and saw 3 of its levels.

You collected 128 gold pieces.

Inventory:

Hand Weapons
 d - a +0 dagger
 l - a +2 dagger of speed (weapon)
Armour
 a - a +0 robe (worn)
 h - a +0 cloak (worn)
Scrolls
 c - 2 scrolls of noise {unknown}
 f - a scroll of vulnerability {unknown}
 i - a scroll of revelation {unknown}
 j - a scroll of torment {unknown}
 m - 2 scrolls of teleportation {unknown}
 o - 3 scrolls of identify {unknown}
 r - a scroll of enchant armour {unknown}
Potions
 e - a potion of attraction {unknown}
 g - a potion of lignification {unknown}
 k - a potion of haste {unknown}
 n - a potion of ambrosia {unknown}
 p - 2 potions of berserk rage {unknown}
 q - 2 potions of curing {unknown}


   Skills:
 - Level 1.7 Dodging
 - Level 1.7 Stealth
 + Level 4.0 Spellcasting
 + Level 5.5 Conjurations


You had 9 spell levels left.
You knew the following spells:

 Your Spells              Type           Power      Damage    Failure   Level
a - Magic Dart            Conj           100%       1d8       1%          1
b - Searing Ray           Conj           54%        2d6       1%          2

Your spell library contained the following spells:

 Spells                   Type           Power      Damage    Failure   Level
 Dazzling Flash           Conj/Hex       30%        N/A       12%         3
 Fulminant Prism          Conj/Hex       7%         3d7       36%         4
 Iskenderun's Mystic Bla  Conj/Tloc      15%        2d5       36%         4


Dungeon Overview and Level Annotations

Branches:
Dungeon (3/15)

Altars:

Annotations:
D:3 Grinder, Ijyb


Innate Abilities, Weirdness & Mutations

When seriously injured, your blood forms thick armour. (AC +9)
Spells you cast may paralyse adjacent enemies.


Message History

The searing ray hits Ijyb.
Ijyb is lightly wounded.
Grinder hits you but does no damage.
The searing ray hits Grinder but does no damage.
Grinder is severely wounded.
The searing ray hits Ijyb.
Ijyb is moderately wounded.
You finish channelling your searing ray.
Grinder says, "Just stop there for a second..."
Grinder blinks!
Magic courses through your body.
Ijyb hits you with a +2 dagger of speed.
Casting: Searing Ray (safe; 1% risk of failure)
Confirm with . or Enter, or press ? or * to list all spells.
Aiming: Searing Ray (safe; 1% risk of failure)
Press: ? - help, Shift-Dir - straight line, f - Ijyb, p - Grinder
Aim: Ijyb, wielding a +2 dagger of speed, wearing a +0 leather armour and carrying a wand of quicksilver (moderately wounded, 74% to hit)
The searing ray hits Ijyb.
Ijyb is moderately wounded. (Press . to maintain the ray.) Malevolent energies surge around you.
Ijyb suddenly stops moving!
The searing ray hits Ijyb but does no damage.
Ijyb is moderately wounded.
Grinder blinks!
The searing ray hits Ijyb!
Ijyb is heavily wounded.
Grinder gestures at you.
You suddenly lose the ability to move!
Ijyb is no longer paralysed.
Ijyb hits you but does no damage.
Ijyb hits you with a +2 dagger of speed.
Ijyb hits you with a +2 dagger of speed.
* * * LOW HITPOINT WARNING * * *
Grinder gestures at you. Pain shoots through your body!
* * * LOW HITPOINT WARNING * * *
Ijyb hits you but does no damage. Grinder gestures at you.
You shrug off the repeated paralysis!
Ijyb hits you with a +2 dagger of speed.
You die...

##...............................
##.............. ............<...
................................#
).........#...... ..)............
....#....[#...... ...............
................##.....#.........
.........#.............#
.................g.5...+
......#'#.......@......#
......#.#........#......
......#..........# .....
....(.#..........# ....
......'.........## #..
......##........# #
..........##....#
##..............#
#(............##


You could see Grinder and Ijyb.

Vanquished Creatures
  Natasha (thrice) (D:3)
  Terence (D:2)
  2 adders (D:2)
  A dart slug (D:1)
  4 orcs (D:3)
  4 endoplasms
  3 giant cockroaches
  6 goblins
  6 hobgoblins
  10 jackals
  3 quokkas
  6 ball pythons
  2 bats (D:1)
  2 frilled lizards
  3 kobolds
  4 rats
60 creatures vanquished.

Notes
Turn   | Place    | Note
-------+----------+-------------------------------------------
     0 | D:1      | Essalna the Demonspawn Conjurer began the quest for the
                  | Orb.
     0 | D:1      | Reached XP level 1. HP: 13/13 MP: 3/3
   305 | D:1      | Gained mutation: When seriously injured, your blood forms
                  | armour. (AC +9) [demonic ancestry]
   305 | D:1      | Reached XP level 2. HP: 14/19 MP: 0/5
   783 | D:1      | Learned a level 2 spell: Searing Ray
   893 | D:1      | Gained mutation: When seriously injured, your blood forms
                  | thick armour. (AC +9) [demonic ancestry]
   893 | D:1      | Reached XP level 3. HP: 7/24 MP: 0/7
  1140 | D:2      | Noticed Terence
  1157 | D:2      | Killed Terence
  1282 | D:2      | Found a faded altar of an unknown god.
  1572 | D:2      | Reached XP level 4. HP: 30/30 MP: 2/8
  1678 | D:2      | Reached skill level 5 in Conjurations
  2243 | D:3      | Noticed Natasha
  2250 | D:3      | Killed Natasha
  2264 | D:3      | Noticed Natasha
  2270 | D:3      | Killed Natasha
  2271 | D:3      | Gained mutation: Spells you cast may paralyse adjacent
                  | enemies. [demonic ancestry]
  2271 | D:3      | Reached XP level 5. HP: 21/35 MP: 2/10
  2558 | D:3      | Noticed Natasha
  2564 | D:3      | Killed Natasha
  2624 | D:3      | Noticed Grinder
  2626 | D:3      | Paralysed by Grinder for 2 turns
  2628 | D:3      | Noticed Ijyb
  2639 | D:3      | Paralysed by Grinder for 4 turns
  2642 | D:3      | Slain by Ijyb

Illustrated notes

Levels and vault maps discovered:
D:1:      noname_arrival_rooms_in_the_neighbourhood, layout_loops_ring
D:2:      layout_basic, hellmonk_ecumenical_altar_slurped_away, uniq_terence
D:3:      layout_basic, uniq_grinder, uniq_ijyb, uniq_natasha

Skill      XL: |  1  2  3  4  5 |
---------------+----------------+-----
Spellcasting   | 3 4 |  4.0
Conjurations   | 5 |  5.5
Dodging        | |  1.7
Stealth        | |  1.7

Action                     |  1- 3 |  4- 6 || total
---------------------------+-------+-------++-------
  Melee: Dagger            |    58 |    13 ||    71
   Cast: Magic Dart        |    65 |    41 ||   106
         Searing Ray       |     2 |     6 ||     8
    Use: Potion            |       |     1 ||     1
   Stab: Paralysed         |       |     1 ||     1
 Armour: Robe              |    33 |    28 ||    61
  Dodge: Dodged            |    43 |     9 ||    52

Table legend: (Time is in decaauts)
 A = Elapsed time spent in this place.
 B = Non-inter-level travel time spent in this place.
 C = Inter-level travel time spent in this place.
 D = Time resting spent in this place.
 E = Time spent auto-exploring this place.
 F = Levels seen in this place.
 G = Mean time per level.
                   A        B        C        D        E       F      G
               +--------+--------+--------+--------+--------+-----+--------+
         Total |   2636 |   2614 |     22 |      0 |   2243 |   3 |  878.7 |
       Dungeon |   2636 |   2614 |     22 |      0 |   2243 |   3 |  878.7 |
               +--------+--------+--------+--------+--------+-----+--------+

Top non-repeatable levels by time:
     D:2: 1086 daAuts
     D:1: 1084 daAuts
     D:3: 465 daAuts
